Map: Dusk Towers

Players

Miszu

  • Race: Terran Terran
  • League: Grandmaster

WOLOLO - Winner!

  • Race: Zerg Zerg
  • League: Grandmaster

VOD

Have the link to the VOD?

Description

Time

  • Played on: Feb. 16, 2016, 6:50 p.m.
  • Length: 24:15
Show
View Real Time Build Order
Export as new Build Order

Miszu Terran 

Build Orders: MMM Bio 

Get SALT Encoding   

  12  0:01  SCV  
  13  0:13  SCV  
  14  0:17  Supply Depot  
  14  0:25  SCV  
  15  0:29  Refinery  
  15  0:39  SCV  
  16  0:45  Barracks  
  16  0:51  SCV  
  17  1:01  Barracks  
  17  1:05  SCV  
  18  1:20  Barracks  
  18  1:23  SCV  
  19  1:32  Reaper  
  20  1:40  Orbital Command  
  20  1:49  Reaper  
  20  1:52  Refinery  
  21  1:58  Supply Depot  
  21  2:04  Reaper  
  21  2:07  SCV  
  23  2:19  Reaper, SCV  
  23  2:22  Reaper  
  26  2:27  Supply Depot  
  26  2:31  SCV  
  27  2:39  Reaper  
  27  2:43  SCV  
  29  2:51  Reaper  
  29  2:54  Reaper  
  29  2:55  SCV  
  31  3:08  SCV  
  31  3:11  Reaper  
  33  3:20  SCV  
  33  3:23  Reaper  
  33  3:26  Reaper  
  36  3:28  Command Center  
  36  3:32  SCV  
  37  3:43  Reaper  
  37  3:44  SCV  
  37  3:55  Reaper  
  37  3:56  SCV  
  37  4:00  Command Center  
  39  4:40  SCV  
  39  4:42  Orbital Command  
  43  4:46  Barracks Tech Lab  
  43  4:47  Factory  
  43  4:48  Barracks Tech Lab, Barracks  
  43  4:50  Barracks  
  43  4:51  Barracks Reactor  
  43  4:52  SCV  
  40  5:04  Refinery, SCV  
  40  5:05  Refinery  
  41  5:07  Engineering Bay  
  41  5:08  Engineering Bay  
  41  5:09  SCV  
  42  5:16  SCV  
  42  5:18  Orbital Command  
  42  5:21  SCV  
  43  5:26  Combat Shields  
  43  5:27  Stimpack  
  43  5:28  SCV  
  43  5:33  SCV  
  43  5:35  Terran Infantry Weapons Level 1  
  45  5:38  Terran Infantry Armor Level 1  
  45  5:40  SCV  
  46  5:45  SCV  
  46  5:47  Orbital Command  
  47  5:52  SCV  
  47  5:54  Marine x2  
  47  5:55  Marine  
  47  5:56  Barracks Reactor  
  47  5:57  Barracks Reactor, SCV  
  51  6:00  Factory Tech Lab  
  51  6:02  Factory Reactor  
  52  6:04  SCV  
  52  6:05  Starport  
  52  6:08  Supply Depot  
  52  6:09  SCV  
  52  6:10  Supply Depot  
  54  6:12  Marine  
  54  6:16  Marine x3  
  54  6:17  SCV  
  59  6:18  SCV  
  60  6:30  Marine  
  61  6:33  Marine, SCV x3  
  61  6:34  Marine x3  
  68  6:45  Marine, SCV x3  
  72  6:48  Marine  
  72  6:49  Marine x2  
  72  6:51  Marine x2  
  72  6:52  Marine x2  
  78  6:54  Supply Depot  
  78  6:55  Supply Depot  
  78  6:57  SCV x2  
  78  6:58  Factory Tech Lab, Armory  
  80  7:02  Medivac  
  80  7:03  Marine  
  80  7:04  Medivac  
  85  7:15  Marine  
  85  7:16  SCV x3  
  85  7:18  Marine  
  85  7:19  Supply Depot, Marine x2  
  85  7:20  Supply Depot  
  85  7:21  Siege Tank  
  95  7:28  SCV x3  
  98  7:34  Marine  
  99  7:38  Supply Depot  
  99  7:40  SCV x2  
  99  7:41  Marine x3, SCV  
  99  7:43  Supply Depot x2, Marauder  
  99  7:44  Marauder, Concussive Shells  
  109  7:50  Refinery  
  109  7:51  Refinery, Medivac  
  109  7:52  Medivac, SCV  
  109  7:55  Terran Infantry Weapons Level 2  
  114  8:00  Terran Infantry Armor Level 2  
  114  8:12  Marine  
  115  8:13  Marine, Marauder  
  115  8:19  Marine  
  110  8:20  Marauder  
  110  8:25  Marine  
  110  8:26  Marine x2  
  72  8:27  Medivac x2  
  107  8:30  Marine x2  
  115  8:34  Marauder  
  115  8:37  Marine  
  115  8:41  Marine  
  115  8:42  Siege Tank  
  115  8:43  Marine  
  115  8:44  Marine  
  120  8:50  Marine  
  120  8:51  Marine x2  
  120  8:55  Supply Depot, Marauder  
  125  8:56  Supply Depot  
  125  8:57  Supply Depot, Marine  
  126  9:03  Marine, Marauder  
  129  9:10  Supply Depot  
  129  9:14  Siege Tank  
  132  9:18  Marauder  
  132  9:19  Marine x2  
  132  9:20  Marine x3  
  132  9:21  Medivac x2  
  142  9:24  Marauder  
  142  9:32  Marine  
  142  9:37  Marine  
  144  9:39  Marine, Marauder  
  144  9:40  Marine x3  
  144  9:45  Supply Depot  
  150  9:46  Siege Tank, Marauder  
  150  9:50  Marine  
  156  9:53  Supply Depot  
  156  9:55  Marine  
  156  9:57  Marine  
  156  9:58  Supply Depot, Marine x3  
  161  10:00  Supply Depot, Marine, Command Center  
  162  10:07  Marauder  
  162  10:08  Marine  
  162  10:11  Medivac x2  
  162  10:13  Marine  
  170  10:15  Marine x2  
  170  10:16  Marine x2  
  170  10:18  Marauder  
  176  10:22  Barracks  
  176  10:24  Barracks x2  
  141  11:10  Reaper  
  141  11:11  Marine, Reaper  
  131  11:12  Marine x4, Marauder  
  131  11:14  Medivac x2, Siege Tank  
  133  11:27  Barracks Tech Lab  
  133  11:28  Barracks Tech Lab x2  
  133  11:29  Marine  
  133  11:30  Marine x4  
  138  11:33  Marine  
  138  11:38  Liberator  
  138  11:39  Liberator  
  137  11:42  Marine  
  137  11:43  Marine  
  137  11:46  Marine, Siege Tank  
  144  11:47  Marine x2, Marauder  
  144  11:48  Marine x3, Marauder  
  144  11:51  Marauder  
  155  11:54  Ghost Academy  
  155  12:00  Marine x2  
  159  12:04  Marine  
  159  12:05  Marine  
  161  12:09  Marine x2, Marauder  
  161  12:10  Marauder  
  161  12:12  Marauder  
  169  12:18  Siege Tank  
  169  12:19  Marine x3  
  169  12:21  Liberator x2  
  175  12:22  Marauder  
  175  12:23  Marauder  
  175  12:25  Starport  
  177  12:40  Marine x2, Marauder x2  
  177  12:43  Terran Infantry Weapons Level 3  
  189  12:50  Siege Tank, Orbital Command  
  200  13:24  Liberator  
  200  13:26  Ghost x4  
  197  13:43  Liberator  
  199  14:02  Starport Tech Lab  
  200  14:07  Fusion Core  
  199  14:35  Terran Infantry Armor Level 3  
  199  14:39  Liberator  
  192  14:53  Liberator x2  
  192  14:55  Advanced Ballistics  
  195  15:00  Cyclone  
  199  15:25  Liberator  
  173  15:36  Liberator x2  
  148  15:44  Orbital Command  
  148  15:48  Marine, Marauder  
  148  15:49  Marine x7, Marauder x2  
  153  15:57  Thor  
  159  16:06  Marine, Ghost x2  
  159  16:07  Marine x2  
  159  16:08  Refinery, Liberator  
  159  16:09  Ghost  
  168  16:12  Refinery  
  168  16:18  Liberator  
  168  16:29  Liberator  
  168  16:32  Marine x2, Marauder x2  
  180  16:46  Marine  
  180  16:47  Marine x2, Marauder x2  
  188  16:51  Marine, Marauder  
  188  16:52  Marine  
  188  16:53  Marauder  
  191  17:32  Ghost  
  191  17:35  Ghost x2  
  194  17:37  Ghost  
  190  18:16  Ghost  
  191  18:51  Orbital Command  
  171  19:28  Ghost  
  130  20:27  Ghost  
  131  20:28  Orbital Command  
  129  20:49  Orbital Command  
  109  21:17  Orbital Command  
  83  21:53  Medivac x2  
  87  21:55  Marine x3  
  87  21:56  Marine  
  87  21:57  Marine  
  87  21:59  Marine  
  93  22:02  Marine x2  
  93  22:03  Marine  
  96  22:14  Marine x5, Orbital Command  
  101  22:15  Medivac  
  103  22:23  Medivac  
  104  22:34  Ghost x3  
  99  22:40  Ghost x2  
  93  22:59  Refinery x2  
  93  23:02  Supply Depot, Ghost  
  93  23:03  Ghost  
  97  23:07  Ghost  
  97  23:09  Ghost  
  101  23:33  Ghost  
  101  23:34  Ghost  
Show
View Real Time Build Order
Export as new Build Order

WOLOLO Zerg - Winner!

Build Orders: Hatch First 

Get SALT Encoding   

  12  0:00  Drone  
  13  0:14  Overlord  
  13  0:21  Drone  
  14  0:32  Drone x2  
  16  0:36  Drone  
  17  0:53  Hatchery  
  17  0:55  Drone  
  17  0:59  Drone  
  18  1:09  Extractor  
  17  1:13  Spawning Pool  
  17  1:17  Drone  
  17  1:20  Drone  
  18  1:29  Drone  
  19  1:40  Overlord  
  19  1:51  Drone  
  20  2:00  Queen  
  22  2:02  Zergling x2  
  22  2:04  Queen  
  22  2:05  Zergling x2  
  26  2:11  Metabolic Boost  
  26  2:12  Drone  
  27  2:15  Drone  
  28  2:23  Overlord  
  28  2:27  Drone  
  29  2:37  Drone  
  29  2:38  Drone  
  29  2:39  Queen  
  29  2:42  Queen  
  35  2:48  Drone x2  
  37  3:01  Zergling x4  
  38  3:07  Roach Warren  
  38  3:08  Zergling x2  
  38  3:09  Overlord  
  38  3:10  Zergling x2  
  38  3:11  Zergling x4  
  41  3:26  Queen x2  
  42  3:28  Zergling x4  
  42  3:48  Drone x2  
  42  3:50  Drone x3  
  46  3:59  Drone  
  46  4:00  Drone x2  
  46  4:01  Overlord  
  49  4:08  Roach  
  51  4:12  Extractor  
  50  4:21  Queen  
  50  4:22  Queen  
  51  4:25  Roach  
  51  4:26  Roach x3  
  57  4:37  Roach  
  59  4:39  Overlord x2  
  59  4:44  Overlord x2, Ravager  
  60  4:53  Overlord  
  60  4:54  Hatchery  
  57  5:02  Drone x3  
  60  5:07  Drone x2  
  60  5:08  Extractor, Drone  
  62  5:19  Ravager x2  
  64  5:22  Drone  
  64  5:23  Drone x4  
  69  5:31  Drone x3  
  69  5:34  Overlord  
  69  5:35  Extractor  
  71  5:36  Lair  
  71  5:46  Drone  
  71  5:47  Drone  
  71  5:49  Drone x3  
  76  5:59  Evolution Chamber x2  
  75  6:04  Drone x5  
  75  6:05  Queen  
  75  6:06  Extractor  
  75  6:09  Extractor  
  79  6:33  Drone x3  
  79  6:35  Drone x5  
  79  6:36  Drone x4  
  91  6:53  Ravager x2  
  91  6:54  Ravager  
  94  6:56  Zerg Missile Weapons Level 1, Glial Reconstitution, Zerg Ground Armor Level 1  
  94  6:58  Drone x4  
  94  6:59  Overlord x2  
  98  7:10  Drone  
  98  7:11  Drone  
  98  7:14  Roach x6  
  112  7:23  Hatchery  
  112  7:25  Roach x3  
  112  7:26  Roach x2  
  112  7:27  Infestation Pit  
  120  7:44  Overlord x2  
  120  7:47  Spore Crawler  
  120  7:48  Spore Crawler  
  120  7:50  Overlord x2, Spore Crawler  
  117  7:51  Overlord  
  117  7:52  Overlord  
  117  7:53  Overlord  
  117  7:56  Roach x4  
  125  8:01  Overlord x3  
  106  8:21  Roach x4  
  106  8:22  Roach x4  
  114  8:34  Drone  
  114  8:35  Queen, Drone  
  114  8:36  Drone x2  
  114  8:38  Pathogen Glands  
  120  8:42  Hive  
  120  8:46  Ravager  
  120  8:47  Ravager  
  122  8:49  Roach x5  
  132  8:56  Drone x2  
  132  8:57  Drone  
  135  9:04  Roach x2  
  135  9:05  Roach  
  137  9:20  Drone x2  
  137  9:23  Zerg Ground Armor Level 2, Zerg Missile Weapons Level 2  
  136  9:31  Drone x3  
  136  9:35  Extractor x2  
  134  9:38  Drone x2  
  132  9:47  Spore Crawler  
  132  9:48  Spore Crawler  
  130  9:54  Adrenal Glands  
  130  9:57  Ultralisk Cavern  
  129  10:01  Infestor x4  
  129  10:04  Roach x4  
  129  10:05  Roach x8  
  129  10:06  Roach x2  
  165  10:16  Queen  
  167  10:22  Overlord  
  167  10:26  Roach x3  
  167  10:27  Roach x5  
  183  10:34  Spore Crawler  
  184  10:35  Roach  
  184  10:36  Roach x2  
  184  10:37  Spore Crawler  
  187  10:45  Chitinous Plating  
  187  10:49  Roach x7  
  169  11:11  Drone x3  
  165  11:19  Roach x2  
  165  11:20  Roach x2  
  165  11:24  Drone x4  
  165  11:25  Ultralisk  
  173  11:33  Drone  
  173  11:34  Drone  
  173  11:35  Drone  
  173  11:36  Drone  
  172  11:47  Infestor x2  
  176  11:54  Drone x2  
  176  11:55  Drone x4  
  176  11:58  Drone  
  183  12:03  Drone x3  
  183  12:05  Ravager  
  183  12:06  Ravager  
  183  12:07  Ravager x2  
  183  12:08  Ravager  
  191  12:16  Ravager  
  191  12:17  Ravager  
  191  12:18  Ravager  
  191  12:20  Ravager  
  191  12:21  Ravager  
  191  12:22  Ravager x2  
  197  12:25  Ravager  
  199  12:36  Zerg Ground Armor Level 3  
  199  12:39  Zerg Melee Weapons Level 1  
  199  12:58  Hatchery  
  187  13:11  Drone x3  
  187  13:12  Drone x3  
  193  13:13  Drone x4  
  193  13:16  Queen  
  199  13:21  Spore Crawler  
  198  13:45  Drone x2  
  197  13:55  Drone x3  
  199  14:16  Drone  
  200  14:23  Overseer x2  
  200  14:25  Pneumatized Carapace  
  200  14:43  Spire  
  196  15:20  Spore Crawler  
  99  15:46  Drone x2  
  99  15:47  Drone  
  99  15:48  Infestor x2  
  99  15:49  Infestor x2  
  84  15:50  Ultralisk  
  84  15:51  Ultralisk x6  
  126  15:58  Drone x2  
  126  16:00  Ravager  
  126  16:01  Ravager x7  
  136  16:05  Drone  
  136  16:07  Drone  
  136  16:09  Drone x2  
  140  16:15  Ravager x4  
  140  16:16  Ravager x2  
  146  16:20  Zerg Melee Weapons Level 2  
  144  16:28  Overlord  
  144  16:35  Corruptor x2  
  147  16:55  Corruptor  
  147  16:56  Corruptor x2  
  153  17:16  Roach  
  153  17:17  Roach x3  
  161  17:31  Drone x2  
  161  17:32  Drone  
  164  18:12  Corruptor  
  164  18:13  Corruptor x6  
  164  18:14  Corruptor x2  
  182  18:29  Drone  
  182  18:30  Queen  
  185  18:49  Overlord  
  185  18:52  Ultralisk, Hatchery  
  188  19:07  Overlord x3  
  147  20:05  Ultralisk Cavern, Lair  
  147  20:06  Queen  
  149  20:07  Drone x3  
  151  20:24  Drone x3  
  154  20:33  Drone x2  
  154  20:34  Drone  
  157  20:44  Hatchery  
  149  21:07  Zergling x10  
  150  21:18  Infestation Pit  
  80  21:36  Ultralisk x3  
  80  21:37  Ultralisk x6  
  134  21:43  Spawning Pool  
  133  21:52  Ultralisk  
  133  21:53  Overseer x2  
  110  22:18  Zergling x2  
  110  22:19  Zergling x22  
  120  22:34  Infestor x2  
  120  22:36  Infestor  
  123  22:53  Hatchery  
  122  23:10  Corruptor x2  
Tags
 
Add a new tag
Caveats
  • Supply blocks, unpowered buildings, or Contaminate may cause inaccurate times.
  • Supply counts are checked every 10 seconds.